 Dungeon Crawl Stone Soup version 0.27-a0-732-ga892ba84f6 (webtiles) character file.

Game seed: 3252275272358734219

1319 pokeman the Thaumaturge (level 8, -7/44 HPs)
             Began as a Deep Elf Hedge Wizard on Mar 23, 2021.
             Was an Initiate of Vehumet.
             Mangled by Prince Ribbit (13 damage)
             ... on level 6 of the Dungeon.
             The game lasted 00:16:11 (8881 turns).

pokeman the Thaumaturge (Deep Elf Hedge Wizard)     Turns: 8881, Time: 00:16:12

Health: -7/44      AC:  8    Str:  7    XL:     8   Next: 33%
Magic:  12/23      EV: 12    Int: 22    God:    Vehumet [......]
Gold:   167        SH:  0    Dex: 14    Spells: 15/26 levels left

rFire    . . .     SeeInvis .   d - staff of death
rCold    . . .     Faith    .   (no shield)
rNeg     + . .     Spirit   .   q - +0 leather armour
rPois    .         Reflect  .   c - +0 hat
rElec    .         Harm     .   (no cloak)
rCorr    .         Rampage  .   f - +0 pair of gloves
Will     .....                  (no boots)
Stlth    ++........             (no amulet)
HPRegen  0.14/turn              o - +4 ring of slaying
MPRegen  0.18/turn              B - +4 ring of protection

@: very slightly contaminated
A: no striking features
a: Renounce Religion


You were on level 6 of the Dungeon.
You worshipped Vehumet.
Vehumet was noncommittal.
You visited 2 branches of the dungeon, and saw 8 of its levels.

You collected 338 gold pieces.
You spent 171 gold pieces at shops.

Inventory:

Missiles
 a - 33 arrows
 A - 16 bolts
Armour
 c - a +0 hat (worn)
 f - a +0 pair of gloves (worn)
 g - a +0 kite shield
 q - a +0 leather armour (worn)
Magical Staves
 d - a staff of death (weapon)
Jewellery
 b - an amulet of guardian spirit
 h - a +6 ring of dexterity
 m - a +6 ring of dexterity
 o - a +4 ring of slaying (right hand)
 B - a +4 ring of protection (left hand)
Wands
 y - a wand of mindburst (6)
Scrolls
 e - 11 scrolls of identify
 i - a scroll of magic mapping {unknown}
 l - 2 scrolls of teleportation
 r - a scroll of fear
 u - 3 scrolls of noise {unknown}
 v - a scroll of random uselessness {unknown}
 w - a scroll of fog {unknown}
Potions
 j - a potion of ambrosia {unknown}
 k - a potion of degeneration {unknown}
 n - 2 potions of mutation {unknown}
 p - 2 potions of curing {unknown}
 s - 2 potions of heal wounds
 t - 2 potions of attraction
 x - 2 potions of flight {unknown}
 z - a potion of experience {unknown}


   Skills:
 - Level 2.0 Fighting
 + Level 1.9 Armour
 - Level 3.1 Dodging
 - Level 3.3 Stealth
 - Level 1.0 Shields
 * Level 9.5 Spellcasting
 + Level 5.0 Conjurations
 - Level 1.1 Summonings
 - Level 1.1 Translocations
 + Level 3.4 Fire Magic
 - Level 1.0 Air Magic
 - Level 1.0 Poison Magic
 - Level 1.0 Evocations


You had 15 spell levels left.
You knew the following spells:

 Your Spells              Type           Power      Damage    Failure   Level
a - Magic Dart            Conj           100%       1d8       1%          1
b - Mephitic Cloud        Conj/Pois/Air  20%        N/A       11%         3
c - Call Imp              Summ           15%        N/A       9%          2
d - Blink                 Tloc           N/A        N/A       9%          2
e - Conjure Flame         Conj/Fire      29%        6-21      4%          3

Your spell library contained the following spells:

 Spells                   Type           Power      Damage    Failure   Level
 Slow                     Hex            10%        N/A       14%         2


Dungeon Overview and Level Annotations

Branches:
Dungeon (7/15)             Temple (1/1) D:4

Altars:
Ashenzari
Cheibriados
Dithmenos
Elyvilon
Fedhas
Gozag
Hepliaklqana
Kikubaaqudgha
Makhleb
Nemelex Xobeh
Okawaru
Qazlal
Ru
Sif Muna
Trog
Uskayaw
Vehumet
Wu Jian
Xom
Yredelemnul
Zin
The Shining One

Shops:
D:4 *   D:6 *([

Annotations:
D:6 Prince Ribbit
D:7 Joseph


Message History

Vehumet accepts your kill. What are your orders? t - Shout!
Orders for allies: a - Attack new target. r - Retreat! s - Stop attacking. g - Guard the area. f - Follow me.
Anything else - Cancel.
Retreat in which direction?
Press: ? - help, Dir - move target Fall back!
Unknown command.
Prince Ribbit is engulfed in noxious fumes.
Prince Ribbit appears confused.
Joseph hits the orc with a +0 quarterstaff!
The orc is killed!
Vehumet accepts your kill.
Unknown command.
An ufetubus comes into view.
A phantom comes into view.
Unknown command.
Unknown command.
You swap places.
Joseph is engulfed in blazing flames.
You hit Joseph but do no damage.
Joseph is heavily wounded.
Prince Ribbit seems less confused.
The phantom hits your crimson imp!
The phantom blinks!
Your crimson imp blinks!
There is a stone staircase leading up, spattered with blood here.
Joseph seems less confused.
Joseph hits you with a +0 quarterstaff!
* * * LOW HITPOINT WARNING * * *
Prince Ribbit completely misses you.
You climb upwards.
There is a stone staircase leading down here.
Unknown command.
Unknown command.
Casting: Mephitic Cloud (dangerous; 11% risk of failure)
Confirm with . or Enter, or press ? or * to list all spells.
You miscast Blink.
You are very lightly contaminated with residual magic.
Nothing appears to happen.
Prince Ribbit hits you!
You die...

#..####.........#.#
#...............#.#
##.####.#.....#.#.#
#.# #.#.........######
######.#
#................#
.......#
###....###########
.......# ##...#
[......# ##..#
.......## #.@#####
##.###..##### ##.F...#
...####.#...####.#####
##...#...........#
#.#...###...#####
#...### ###..# ##.##♣
♣##.## #..# #..# #.##
##.#


You could see Prince Ribbit.

Vanquished Creatures
  Eustachio (D:4)
  A black bear (D:6)
  A sky beast (D:6)
  An ogre (D:6)
  A phantom (D:6)
  A bullfrog (D:6)
  2 scorpions
  A bullfrog zombie (D:5)
  3 hounds
  A bullfrog skeleton (D:7)
  Ijyb (D:5)
  An iguana (D:6)
  Natasha (thrice) (D:4)
  3 worker ants
  7 gnolls
  A worker ant zombie (D:5)
  9 adders
  An ufetubus (D:5)
  3 adder skeletons (D:5)
  3 worms (D:2)
  A dart slug (D:2)
  7 orcs
  6 giant cockroaches
  A goblin (D:1)
  5 hobgoblins
  12 jackals
  8 oozes
  9 quokkas
  3 ball pythons
  6 bats
  7 frilled lizards
  2 kobolds
  A quokka skeleton (D:4)
  4 rats
117 creatures vanquished.

Vanquished Creatures (collateral kills)
  A scorpion (D:4)
  2 hounds
  A gnoll shaman (D:5)
  An ooze (D:4)
5 creatures vanquished.

Grand Total: 122 creatures vanquished

Notes
Turn   | Place    | Note
-------+----------+-------------------------------------------
     0 | D:1      | pokeman the Deep Elf Hedge Wizard began the quest for the
                  | Orb.
     0 | D:1      | Reached XP level 1. HP: 10/10 MP: 7/7
   666 | D:1      | Reached XP level 2. HP: 16/16 MP: 7/9
  1907 | D:2      | Reached skill level 5 in Spellcasting
  1907 | D:2      | Reached XP level 3. HP: 20/20 MP: 5/11
  1911 | D:2      | Learned a level 3 spell: Mephitic Cloud
  1914 | D:2      | Learned a level 2 spell: Call Imp
  1928 | D:2      | Learned a level 2 spell: Blink
  1932 | D:2      | Learned a level 3 spell: Conjure Flame
  2288 | D:2      | Reached skill level 1 in Fighting
  2460 | D:2      | Reached skill level 1 in Armour
  2968 | D:3      | Reached XP level 4. HP: 25/25 MP: 5/13
  3379 | D:3      | Found a burning altar of Makhleb.
  3379 | D:3      | Noticed an Executioner
  3383 | D:3      | Noticed a smoke demon
  3383 | D:3      | Noticed a smoke demon
  4217 | D:4      | Found a staircase to the Ecumenical Temple.
  4240 | D:4      | Reached skill level 1 in Shields
  4240 | D:4      | Reached skill level 6 in Spellcasting
  4240 | D:4      | Reached XP level 5. HP: 24/29 MP: 1/15
  4254 | Temple   | Entered the Ecumenical Temple
  4721 | D:4      | Noticed Eustachio
  4733 | D:4      | Killed Eustachio
  4734 | D:4      | Reached skill level 7 in Spellcasting
  4734 | D:4      | Reached skill level 1 in Fire Magic
  4734 | D:4      | Reached XP level 6. HP: 34/34 MP: 12/18
  5326 | D:4      | Found Dumma's General Store.
  5332 | D:4      | Bought a scroll of teleportation for 30 gold pieces
  5332 | D:4      | Bought a scroll of fear for 35 gold pieces
  5332 | D:4      | Bought a potion of heal wounds for 50 gold pieces
  5332 | D:4      | Bought a potion of attraction for 30 gold pieces
  5369 | D:4      | Noticed Natasha
  5374 | D:4      | Killed Natasha
  5375 | D:4      | Reached skill level 1 in Evocations
  5934 | D:4      | Noticed Natasha
  5942 | D:4      | Killed Natasha
  5943 | D:4      | Reached skill level 1 in Air Magic
  6039 | D:4      | Noticed Natasha
  6045 | D:4      | Killed Natasha
  6046 | D:4      | Reached XP level 7. HP: 38/38 MP: 13/20
  6098 | D:5      | Entered Level 5 of the Dungeon
  6207 | D:5      | Found a radiant altar of Vehumet.
  6210 | D:5      | Became a worshipper of Vehumet
  6447 | D:5      | Reached skill level 1 in Poison Magic
  6755 | D:5      | Noticed Ijyb
  6770 | D:5      | Reached skill level 8 in Spellcasting
  6798 | D:5      | Killed Ijyb
  7190 | D:5      | HP: 1/39 [gnoll shaman/+0 whip (5)]
  7818 | D:6      | Reached XP level 8. HP: 44/44 MP: 20/22
  7872 | D:6      | Found Laekajoh's General Store.
  7876 | D:6      | Bought a scroll of identify for 26 gold pieces
  7896 | D:6      | Reached skill level 9 in Spellcasting
  8033 | D:6      | Found Egowuh's Antique Weapon Shop.
  8055 | D:6      | Found Lolim's Armour Shop.
  8383 | D:6      | Reached skill level 5 in Conjurations
  8760 | D:7      | Noticed Joseph
  8869 | D:7      | Noticed Prince Ribbit
  8881 | D:6      | Mangled by Prince Ribbit

Illustrated notes

Levels and vault maps discovered:
D:1:      minmay_arrival_split_and_join, layout_basic
D:2:      layout_loops_ring
D:3:      layout_basic, makhleb_altar_promises_db
D:4:      layout_gridville, minmay_temple_entry_trees, serial_shops, shop,
          minivault_4, uniq_eustachio, uniq_natasha
D:5:      layout_layer_cave, kennysheep_mini_moat, uniq_ijyb
D:6:      cheibrodos_iron_armory, layout_basic, serial_shops,
          nicolae_shop_stone, shop, nicolae_shop_crystal
D:7:      layout_loops_cross, glass_columns_b, uniq_joseph, uniq_prince_ribbit1
Temple:   compressed_dpeg_circular_temple

Skill      XL: |  1  2  3  4  5  6  7  8 |
---------------+-------------------------+-----
Spellcasting   | 5 6 7 8 9 |  9.5
Fighting       | 1 2 |  2.0
Armour         | 1 |  1.9
Conjurations   | 2 3 4 5 |  5.0
Dodging        | 3 |  3.1
Shields        | 1 |  1.0
Stealth        | 3 |  3.3
Fire Magic     | 1 2 3 |  3.4
Evocations     | 1 |  1.0
Air Magic      | 1 |  1.0
Poison Magic   | 1 |  1.0
Summonings     | |  1.1
Translocations | |  1.1

Action                   |  1- 3 |  4- 6 |  7- 9 || total
-------------------------+-------+-------+-------++-------
Melee: Staff             |     6 |    23 |    32 ||    61
 Cast: Magic Dart        |   119 |   150 |   112 ||   381
       Call Imp          |       |     3 |     8 ||    11
       Mephitic Cloud    |       |     7 |    12 ||    19
       Conjure Flame     |       |     2 |     9 ||    11
 Stab: Confused          |       |     4 |     8 ||    12
Armor: Robe              |     7 |     7 |       ||    14
       Leather armour    |       |     4 |    14 ||    18
Dodge: Dodged            |    25 |    52 |    42 ||   119

Table legend: (Time is in decaauts)
 A = Elapsed time spent in this place.
 B = Non-inter-level travel time spent in this place.
 C = Inter-level travel time spent in this place.
 D = Time resting spent in this place.
 E = Time spent auto-exploring this place.
 F = Levels seen in this place.
 G = Mean time per level.
                   A        B        C        D        E       F      G
               +--------+--------+--------+--------+--------+-----+--------+
         Total |   8892 |   8489 |    403 |    690 |   6491 |   8 | 1111.5 |
       Dungeon |   8677 |   8311 |    366 |    690 |   6314 |   7 | 1239.6 |
        Temple |    215 |    178 |     37 |      0 |    177 |   1 |  215.0 |
               +--------+--------+--------+--------+--------+-----+--------+

Top non-repeatable levels by time:
     D:4: 1770 daAuts
     D:1: 1408 daAuts
     D:2: 1390 daAuts
     D:5: 1359 daAuts
     D:6: 1356 daAuts
     D:3: 1317 daAuts
  Temple: 215 daAuts
     D:7: 72 daAuts
